 Dungeon Crawl Stone Soup version 0.23-a0-629-gae4348f (webtiles) character file.

11600 Leeroy the Carver (level 11, -9/84 HPs)
             Began as a Barachi Skald on Dec 25, 2018.
             Was an Elder of Nemelex Xobeh.
             Killed by divine providence
             ... invoked by an orc priest
              (11 damage)
             ... on level 11 of the Dungeon.
             The game lasted 01:22:36 (13807 turns).

Leeroy the Carver (Barachi Skald)                  Turns: 13807, Time: 01:22:36

Health: -9/84      AC: 15    Str: 21      XL:     11   Next: 80%
Magic:  4/18       EV: 12    Int: 18      God:    Nemelex Xobeh [****..]
Gold:   249        SH:  0    Dex: 14 (16) Spells: 3/20 levels left

rFire    . . .     SeeInvis .   e - +5 long sword
rCold    + + .     Gourm    .   (no shield)
rNeg     . . .     Faith    +   D - +5 ring mail of Noughts and Crosses {rC++ Str+4}
rPois    .         Spirit   .   (no helmet)
rElec    .         Reflect  .   q - +2 cloak
rCorr    .         Harm     .   a - +0 pair of gloves
MR       .....                  (no boots)
Stlth    +.........             B - amulet of faith
HPRegen  1.24/turn              j - ring of wizardry
MPRegen  0.16/turn              w - +5 ring of dexterity

@: mighty, can't hop, regenerating (expiring), slow
A: +LOS, swims, slowness 1, strong legs 1
a: Hop, Draw Escape, Draw Destruction, Draw Summoning, Triple Draw, Deal Four,
Renounce Religion


You were on level 11 of the Dungeon.
You worshipped Nemelex Xobeh.
Nemelex Xobeh was greatly pleased with you.
You were not hungry.

You visited 2 branches of the dungeon, and saw 12 of its levels.
You also visited: Ossuary.

You collected 639 gold pieces.
You spent 390 gold pieces at shops.

Inventory:

Hand Weapons
 e - a +5 long sword (weapon)
 f - a cursed +3 great sword
 s - a +0 shortbow
 y - a cursed -3 broad axe
 O - a +2 scimitar
 Y - a +2 dagger of holy wrath
Missiles
 k - 164 stones
 n - 14 poisoned needles
 o - 177 arrows
 r - 90 bolts
 x - 2 tomahawks (quivered)
 F - 34 sling bullets
 K - 4 silver tomahawks
Armour
 a - a +0 pair of gloves (worn)
 i - a +2 shield
 q - a +2 cloak (worn)
 D - the +5 ring mail of Noughts and Crosses (worn) {rC++ Str+4}
   (You found it on level 9 of the Dungeon)

   It affects your strength (+4).
   It greatly protects you from cold.
Jewellery
 j - a ring of wizardry (left hand)
 w - a +5 ring of dexterity (right hand)
 B - an amulet of faith (around neck)
 C - an uncursed ring of stealth {unknown}
 J - an uncursed ring of protection from magic
 L - an uncursed ring of see invisible
 R - a +6 amulet of reflection
 W - an uncursed ring of fire
 X - an uncursed amulet of rage
Wands
 t - a wand of iceblast (6)
 A - a wand of polymorph (23)
 M - a wand of digging (5)
 P - a wand of paralysis (16)
 Q - a wand of flame (30)
Scrolls
 b - a scroll of magic mapping
 g - 4 scrolls of remove curse
 l - 10 scrolls of teleportation
 p - 4 scrolls of fear {unknown}
 u - 3 scrolls of enchant weapon {unknown}
 v - 4 scrolls of immolation
 T - a scroll of fog
Potions
 h - a potion of agility {unknown}
 m - 3 potions of resistance {unknown}
 z - 2 potions of brilliance
 E - 2 potions of heal wounds {unknown}
 G - 2 potions of flight {unknown}
 H - a potion of cancellation {unknown}
 I - a potion of ambrosia {unknown}
 N - a potion of berserk rage
 S - 2 potions of lignification {unknown}
 V - a potion of haste
 Z - a potion of might
Miscellaneous
 c - a fan of gales
Comestibles
 d - 20 rations
 U - a chunk of flesh


   Skills:
 + Level 7.2 Fighting
 * Level 13.4 Long Blades
 * Level 5.6 Armour
 + Level 3.0 Dodging
 + Level 3.4 Shields
 + Level 5.3 Spellcasting
 + Level 4.5 Conjurations
 + Level 3.9 Hexes
 - Level 6.0 Charms
 - Level 0.1 Necromancy
   Level 0.9 Translocations
 - Level 5.3 Fire Magic
 - Level 5.5 Earth Magic
 * Level 0.4 Invocations


You had 3 spell levels left.
You knew the following spells:

 Your Spells              Type           Power        Failure   Level  Hunger
a - Mephitic Cloud        Conj/Pois/Air  ##......     13%         3    ##.....
c - Spectral Weapon       Hex/Chrm       ###.....     3%          3    ##.....
d - Regeneration          Chrm/Necr      ###.......   7%          3    ##.....
e - Bolt of Magma         Conj/Fire/Erth ###.......   26%         5    ######.
f - Conjure Flame         Conj/Fire      ###.....     3%          3    ##.....

Your spell library contained the following spells:

 Spells                   Type           Power        Failure   Level  Hunger
 Infusion                 Chrm           ####         1%          1    None
 Song of Slaying          Chrm           ####....     1%          2    #......
 Shroud of Golubria       Chrm/Tloc      ###.......   3%          2    #......
 Poisonous Vapours        Pois/Air       #.....       12%         2    #......
 Iskenderun's Battlesphe  Conj/Chrm      ###.....     26%         5    ######.
 Venom Bolt               Conj/Pois      ##........   61%         5    ######.
 Iron Shot                Conj/Erth      ###.......   80%         6    #######
 Freezing Cloud           Conj/Ice/Air   ##........   99%         6    #######
 Ring of Flames           Chrm/Fire      ####......   99%         7    #######
 Orb of Destruction       Conj           ###.......   100%        7    #######
 Spellforged Servitor     Conj/Summ      ##........   100%        7    #######


Dungeon Overview and Level Annotations

Branches:
Dungeon (11/15)            Temple (1/1) D:7            Lair (0/6) D:11
    Orc: D:9-12

Altars:
Ashenzari
Cheibriados
Dithmenos
Elyvilon
Fedhas
Gozag
Hepliaklqana
Kikubaaqudgha
Makhleb
Nemelex Xobeh
Okawaru
Qazlal
Ru
Sif Muna
Trog
Uskayaw
Vehumet
Wu Jian
Xom
Yredelemnul
Zin
The Shining One

Shops:
D:3 *   D:6 !   D:7 }

Annotations:
D:5 1 transporter


Innate Abilities, Weirdness & Mutations

Shadows flee at your approach. (+LOS)
You can swim through water.
You cover ground slowly.
You can hop short distances.


Message History

The fungus is destroyed!
The worker ant barely misses you.
Unknown command.
The porcupine bites you.
* * * LOW HITPOINT WARNING * * *
Unknown command.
Casting: Regeneration (safe; 9% risk of failure)
Confirm with . or Enter, or press ? or * to list all spells.
Okay, then.
The orc priest calls down the wrath of Beogh upon you.
Beogh smites you!
* * * LOW HITPOINT WARNING * * *
The worker ant bites you but does no damage.
Unknown command.
It was a potion of might.
You feel very mighty all of a sudden.
The orc priest mumbles some strange prayers to Beogh against you.
Beogh smites you!
You die...
Your body glows with a rainbow of weird colours and disappears.

######## ## ....<... ###.
......... #... .......... #...
####..........############ #.##
...<............@r.......# #.#
###.............a..S.....#####Y#
#...........(.....o..........'
#................Y...........#.
#...............Po...........#.
#..........##.PPP.oPP........#
#..........#|P...PP..oP......#
.......... #............<....##
................P.P...P..........


You could see an orc warrior, a sky beast, a porcupine, a worker ant, 2 orc
priests, an adder and an orc.

Vanquished Creatures
  A hydra (D:8)
  A manticore (D:11)
  A kobold demonologist (D:11)
  2 trolls
  Grinder (D:4)
  3 hippogriffs
  2 dream sheep
  2 hungry ghosts
  15 yaks
  A water moccasin (D:10)
  2 porcupines (D:11)
  4 orc warriors
  3 ice beasts
  2 phantoms
  5 sky beasts
  A black bear (D:9)
  A hornet zombie (D:10)
  A necrophage (D:7)
  8 ogres
  3 centaurs
  A crocodile (D:10)
  2 big kobolds (D:8)
  5 bullfrogs
  8 scorpions
  2 wyvern skeletons
  8 wights
  5 howler monkeys
  A crimson imp (D:10)
  3 human zombies (Ossuary)
  A quasit (D:8)
  5 orc priests
  4 hounds
  A jelly (D:10)
  An iguana (D:11)
  12 worker ants
  9 orc wizards
  4 big kobold zombies (Ossuary)
  A hound zombie (D:9)
  5 hound skeletons
  3 mummies (Ossuary)
  A worker ant zombie (D:11)
  4 scorpion zombies (Ossuary)
  7 gnolls
  4 adders
  A river rat (D:8)
  An ooze (D:6)
  2 adder skeletons
  A worm (D:2)
  4 dart slugs
  6 leopard geckos
  27 orcs
  5 giant cockroaches
  A gnoll zombie (Ossuary)
  9 goblins
  11 hobgoblins
  21 jackals
  10 kobolds
  2 quokkas
  5 bats
  3 frilled lizards
  3 goblin zombies (Ossuary)
  A hobgoblin zombie (Ossuary)
  3 kobold zombies (Ossuary)
  A leopard gecko skeleton (D:8)
  3 orc zombies (Ossuary)
  A quokka skeleton (D:5)
  A quokka zombie (D:5)
  A rat (D:2)
279 creatures vanquished.

Vanquished Creatures (collateral kills)
  A kobold demonologist (D:11)
  An ice beast (D:11)
  3 wights (D:7)
  An orc wizard (D:10)
  2 adders
  A shadow imp (D:7)
  2 orcs
  A kobold (D:11)
12 creatures vanquished.

Vanquished Creatures (others)
  2 yaks (D:8)
  A big kobold (D:8)
  A scorpion (D:7)
  A wight (D:7)
  An orc wizard (D:8)
  A ball lightning (D:11)
  A quokka (D:7)
  22 fungi (D:11)
  4 plants (D:8)
  9 spectral weapons
43 creatures vanquished.

Grand Total: 334 creatures vanquished

Notes
Turn   | Place    | Note
-------+----------+-------------------------------------------
     0 | D:1      | Leeroy the Barachi Skald began the quest for the Orb.
     0 | D:1      | Reached XP level 1. HP: 17/17 MP: 3/3
    37 | D:1      | Reached XP level 2. HP: 6/23 MP: 0/5
   379 | D:1      | Learned a level 2 spell: Shroud of Golubria
   510 | D:1      | Reached XP level 3. HP: 19/28 MP: 6/6
   557 | D:1      | Reached skill level 3 in Long Blades
   644 | D:1      | Learned a level 3 spell: Spectral Weapon
  1492 | D:2      | Reached XP level 4. HP: 29/34 MP: 7/7
  1530 | D:2      | Found a sparkling altar of Nemelex Xobeh.
  1539 | D:2      | Became a worshipper of Nemelex Xobeh the Trickster
  1839 | D:3      | Reached skill level 4 in Long Blades
  1975 | D:3      | Reached skill level 1 in Hexes
  1986 | D:3      | Found Zin's Purification Station.
  1994 | D:3      | Found a glowing silver altar of Zin.
  2026 | D:3      | Received a gift from Nemelex Xobeh
  2033 | D:3      | Reached XP level 5. HP: 26/39 MP: 8/8
  2079 | D:3      | Reached skill level 1 in Shields
  2088 | D:3      | Reached skill level 5 in Long Blades
  2487 | D:3      | Reached XP level 6. HP: 23/46 MP: 9/9
  2501 | D:3      | Learned a level 3 spell: Regeneration
  2706 | D:4      | Found a shattered altar of Ashenzari.
  2775 | D:4      | Reached * piety under Nemelex Xobeh
  2775 | D:4      | Received a gift from Nemelex Xobeh
  3062 | D:4      | Noticed Grinder
  3081 | D:4      | Killed Grinder
  3081 | D:4      | Reached skill level 7 in Long Blades
  3493 | D:5      | Entered Level 5 of the Dungeon
  3515 | D:5      | Noticed a phantom
  3559 | D:5      | Reached XP level 7. HP: 35/51 MP: 3/10
  3733 | D:5      | Reached skill level 8 in Long Blades
  4230 | D:5      | Found a sparkling altar of Nemelex Xobeh.
  4230 | D:5      | Found a transporter.
  4231 | D:5      | Noticed a seven-headed hydra
  4539 | D:5      | Found an ornate altar of the Wu Jian Council.
  4934 | D:6      | Reached ** piety under Nemelex Xobeh
  4934 | D:6      | Received a gift from Nemelex Xobeh
  4952 | D:6      | Reached XP level 8. HP: 29/58 MP: 7/11
  5035 | D:6      | Paralysed by an orc for 7 turns
  5223 | D:6      | Found Potrif's Distillery.
  5229 | D:6      | Bought a potion of curing for 39 gold pieces
  5247 | D:6      | Found a sand-covered staircase.
  5276 | D:6      | Found a basalt altar of Yredelemnul.
  5315 | D:6      | Found a bloodstained altar of Trog.
  5397 | Ossuary  | Entered an ossuary
  5703 | Ossuary  | Reached skill level 9 in Long Blades
  7041 | D:6      | Reached skill level 10 in Long Blades
  7103 | D:6      | Found a white marble altar of Elyvilon.
  7108 | D:6      | You fall through a shaft for 2 floors!
  7126 | D:8      | Reached XP level 9. HP: 58/64 MP: 10/13
  7363 | D:8      | Received a gift from Nemelex Xobeh
  7742 | D:8      | Reached skill level 11 in Long Blades
  7907 | D:8      | Learned a level 5 spell: Bolt of Magma
  8032 | D:8      | Found a radiant altar of Vehumet.
  8129 | D:8      | Reached skill level 1 in Conjurations
  8129 | D:8      | Reached skill level 1 in Fire Magic
  8139 | D:8      | Reached skill level 1 in Earth Magic
  8262 | D:8      | Found a hazy altar of Hepliaklqana.
  8270 | D:8      | Reached *** piety under Nemelex Xobeh
  8295 | D:8      | Received a gift from Nemelex Xobeh
  8300 | D:8      | Found a snail-covered altar of Cheibriados.
  8609 | D:8      | Noticed a two-headed hydra
  8628 | D:8      | Killed a two-headed hydra
  8628 | D:8      | Reached XP level 10. HP: 56/73 MP: 13/15
  9684 | D:7      | Found Foepioro's Gadget Shop.
  9697 | D:7      | Found a staircase to the Ecumenical Temple.
  9716 | Temple   | Entered the Ecumenical Temple
 10061 | D:7      | Received a gift from Nemelex Xobeh
 10584 | D:6      | Bought a potion of haste for 130 gold pieces
 10584 | D:6      | Bought a potion of brilliance for 52 gold pieces
 10584 | D:6      | Bought a potion of magic for 104 gold pieces
 10584 | D:6      | Bought a potion of berserk rage for 65 gold pieces
 10623 | D:7      | You fall through a shaft!
 11054 | D:9      | Received a gift from Nemelex Xobeh
 11054 | D:9      | Received a gift from Nemelex Xobeh
 11078 | D:9      | Reached **** piety under Nemelex Xobeh
 11152 | D:9      | Reached skill level 5 in Fire Magic
 11183 | D:9      | Reached skill level 5 in Fighting
 11254 | D:9      | Got a bloodstained ring mail
 11665 | D:9      | Identified the +5 ring mail of Noughts and Crosses {rC++
                  | Str+4} (You found it on level 9 of the Dungeon)
 11719 | D:10     | Entered Level 10 of the Dungeon
 11741 | D:10     | Reached skill level 5 in Charms
 11741 | D:10     | Reached skill level 5 in Earth Magic
 11751 | D:10     | Reached skill level 12 in Long Blades
 11751 | D:10     | Reached XP level 11. HP: 44/80 MP: 4/17
 12608 | D:10     | Received a gift from Nemelex Xobeh
 12616 | D:10     | Reached skill level 5 in Spellcasting
 13238 | D:10     | Learned a level 3 spell: Mephitic Cloud
 13242 | D:10     | Learned a level 3 spell: Conjure Flame
 13276 | D:10     | Reached skill level 13 in Long Blades
 13489 | D:11     | Received a gift from Nemelex Xobeh
 13536 | D:11     | Reached skill level 5 in Armour
 13645 | D:11     | Noticed a manticore
 13661 | D:11     | Killed a manticore
 13798 | D:11     | Found a staircase to the Lair.
 13806 | D:11     | HP: 1/84 [orc priest/divine providence (13)]
 13807 | D:11     | Killed from afar by an orc priest

Vault maps used:
D:1:      zelgadis_glass_arrival_large
D:2:      lemuel_crystal_altar, first_ration, chequers_big_river
D:3:      zin_purify
D:4:      ashenzari_altar_1, uniq_grinder
D:5:      lemuel_coloured_pillars_altar, grunt_nemelex_the_gamble
D:6:      yredelemnul_altar_generic, basic_altar,
          nicolae_ossuary_entry_false_entrances, serial_shops,
          nicolae_shop_temple_entry_statues_fountains, mrwooster_statue_mirror,
          elyvilon_altar_3
D:7:      minmay_temple_entry_antechambers, serial_shops, kennysheep_mini_moat,
          minmay_holes
D:8:      overflow_temple_1_default, vehumet_crystals, kennysheep_mini,
          hangedman_ranch
D:11:     due_lair_maze_entry_diamond
Temple:   minmay_temple_curvy_branch
Ossuary:  ossuary_minmay_scorpions

Skill      XL: |  1  2  3  4  5  6  7  8  9 10 11 |
---------------+----------------------------------+-----
Charms         | 4 5 6 |  6.0
Long Blades    | 3 4 5 7 8 10 11 12 13 | 13.4
Hexes          | 1 2 3 |  3.9
Shields        | 1 2 3 |  3.4
Fighting       | 3 4 5 7 |  7.2
Armour         | 3 4 5 |  5.6
Spellcasting   | 3 4 5 |  5.3
Conjurations   | 4 |  4.5
Fire Magic     | 4 5 |  5.3
Earth Magic    | 3 5 |  5.5
Dodging        | 3 |  3.0
Necromancy     | |  0.1
Translocations | |  0.9
Invocations    | |  0.4

Action                   |  1- 3 |  4- 6 |  7- 9 | 10-12 || total
-------------------------+-------+-------+-------+-------++-------
Melee: Falchion          |   164 |   244 |   725 |   167 ||  1300
       Dagger            |       |       |     6 |    11 ||    17
       Long sword        |       |       |       |   298 ||   298
Throw: Stone             |     9 |     2 |    19 |    15 ||    45
       Tomahawk          |       |       |       |    31 ||    31
 Cast: Infusion          |     5 |     2 |     2 |       ||     9
       Shroud of Golubri |       |     5 |     2 |     1 ||     8
       Spectral Weapon   |       |     1 |    19 |    20 ||    40
       Regeneration      |       |       |     5 |    10 ||    15
       Bolt of Magma     |       |       |       |    12 ||    12
       Conjure Flame     |       |       |       |     6 ||     6
       Mephitic Cloud    |       |       |       |     3 ||     3
 Abil: Hop               |     1 |     1 |     4 |     4 ||    10
       Draw Destruction  |       |       |     5 |     7 ||    12
       Draw Escape       |       |       |     2 |     4 ||     6
       Draw Summoning    |       |       |     1 |     2 ||     3
Evoke: Wand              |       |       |     1 |       ||     1
  Use: Scroll            |     2 |       |     9 |    13 ||    24
       Potion            |       |     4 |     6 |     9 ||    19
 Stab: Distracted        |       |       |     3 |     2 ||     5
       Petrified         |       |       |     3 |       ||     3
       Petrifying        |       |       |     1 |       ||     1
       Paralysed         |       |       |     4 |       ||     4
       Invisible         |       |       |       |     3 ||     3
       Confused          |       |       |       |     1 ||     1
  Eat: Chunk             |     3 |     6 |     7 |    10 ||    26
       Ration            |       |     1 |     5 |     5 ||    11
Armor: Leather armour    |    17 |       |       |       ||    17
       Ring mail         |    82 |    96 |   240 |   207 ||   625
Dodge: Dodged            |   121 |   158 |   279 |   275 ||   833
Block: Shield            |       |       |    82 |       ||    82
       Rpst.: Falchion   |    32 |    46 |    77 |    28 ||   183
       Long sword        |       |       |       |    49 ||    49

Table legend:
 A = Non-vault XP
 B = Vault XP
 C = Vault XP percentage of total XP
 D = Non-vault monster count
 E = Vault monster count
 F = Vault count percentage of total count
                 A         B        C        D         E       F
            +---------+---------+-------+---------+---------+-------
      Total |   13433 |    3139 |  18.9 |     258 |      38 |  12.8
            +---------+---------+-------+---------+---------+-------
        D:1 |      59 |       0 |   0.0 |      31 |       0 |   0.0
        D:2 |      33 |       0 |   0.0 |      14 |       0 |   0.0
        D:3 |     231 |       0 |   0.0 |      29 |       0 |   0.0
        D:4 |      10 |     267 |  96.4 |       4 |       1 |  20.0
        D:5 |     576 |       0 |   0.0 |      16 |       0 |   0.0
        D:6 |     659 |       0 |   0.0 |      22 |       0 |   0.0
        D:7 |     794 |       0 |   0.0 |      21 |       0 |   0.0
        D:8 |    1730 |    1684 |  49.3 |      31 |       7 |  18.4
        D:9 |    1458 |       0 |   0.0 |      22 |       0 |   0.0
       D:10 |    5165 |     261 |   4.8 |      46 |       1 |   2.1
       D:11 |    2718 |     286 |   9.5 |      22 |       2 |   8.3
    Ossuary |       0 |     641 | 100.0 |       0 |      27 | 100.0
            +---------+---------+-------+---------+---------+-------
